Map: Newkirk Precinct TE (Void)

Players

Railgan - Winner!

  • Race: Zerg Zerg
  • League: Grandmaster
  • Spawn Location: 7:00

A.I. 1 (Very Easy)

  • Race: Terran Terran
  • Spawn Location: 5:00

VOD

Have the link to the VOD?

Description

Time

  • Played on: March 11, 2017, 7:30 a.m.
  • Length: 13:40
Show
View Real Time Build Order
Export as new Build Order

Railgan Zerg - Winner!

Build Orders: Pool First 

Get SALT Encoding   

  12  0:01  Drone  
  13  0:13  Overlord  
  13  0:19  Drone  
  14  0:31  Drone x2  
  14  0:34  Drone  
  17  0:45  Spawning Pool  
  17  0:49  Drone  
  17  0:56  Drone  
  18  1:12  Hatchery  
  18  1:13  Extractor  
  18  1:17  Drone  
  17  1:20  Drone  
  18  1:35  Roach Warren, Zergling x2  
  18  1:40  Drone  
  18  1:46  Queen  
  21  1:49  Drone  
  22  2:00  Overlord  
  22  2:19  Roach  
  22  2:21  Queen  
  22  2:22  Roach  
  28  2:29  Roach  
  30  2:31  Queen  
  32  2:40  Drone x2  
  34  2:44  Overlord  
  34  2:48  Drone  
  35  2:53  Drone  
  36  3:00  Lair  
  36  3:03  Drone  
  37  3:08  Drone  
  37  3:12  Overlord  
  38  3:14  Drone  
  38  3:17  Drone  
  40  3:20  Drone  
  40  3:24  Drone  
  40  3:26  Drone  
  43  3:28  Drone  
  43  3:33  Drone x2  
  46  3:37  Overlord  
  46  3:41  Drone  
  46  3:42  Extractor x2  
  46  3:43  Drone  
  46  3:47  Drone  
  47  3:49  Drone  
  47  3:51  Drone  
  50  3:55  Drone x2  
  50  3:58  Drone x2  
  50  4:00  Drone  
  54  4:09  Spire  
  53  4:10  Drone  
  53  4:16  Drone x2  
  56  4:17  Extractor  
  56  4:18  Drone x2  
  57  4:25  Overlord  
  57  4:26  Drone  
  57  4:30  Glial Reconstitution  
  58  4:37  Overseer  
  58  4:39  Roach  
  58  4:41  Overlord  
  60  4:50  Roach x2  
  64  4:53  Roach  
  64  4:54  Hatchery  
  64  4:57  Roach  
  67  5:00  Overlord  
  67  5:02  Overlord  
  67  5:10  Roach x3  
  73  5:24  Corruptor x2  
  73  5:26  Corruptor  
  79  5:31  Roach x2  
  79  5:35  Roach x2  
  87  5:38  Overlord  
  87  5:43  Drone x2  
  87  5:47  Evolution Chamber  
  87  5:49  Evolution Chamber  
  87  5:54  Drone x4  
  91  5:58  Drone  
  92  6:04  Overlord  
  92  6:10  Drone  
  92  6:11  Drone x5  
  98  6:14  Overlord  
  98  6:17  Zerg Missile Weapons Level 1  
  98  6:21  Zerg Ground Armor Level 1  
  98  6:23  Drone  
  98  6:25  Drone  
  100  6:26  Drone  
  100  6:29  Zerg Flyer Weapons Level 1  
  100  6:31  Drone x2  
  103  6:35  Overlord  
  103  6:37  Drone x2  
  103  6:39  Extractor  
  104  6:40  Extractor  
  104  6:41  Overlord  
  104  6:42  Drone  
  104  6:45  Drone x2  
  104  6:46  Drone  
  107  6:47  Drone  
  108  7:00  Hatchery  
  107  7:05  Drone x2  
  107  7:06  Overlord  
  107  7:08  Roach x4  
  117  7:13  Roach x3  
  123  7:16  Overlord  
  123  7:17  Overlord  
  123  7:31  Roach x8  
  139  7:39  Ravager x11  
  139  7:41  Roach x2  
  154  7:46  Overlord  
  154  7:48  Roach x2  
  154  7:49  Roach  
  160  7:51  Roach  
  160  7:54  Overlord  
  160  7:56  Overlord  
  160  7:58  Overlord  
  162  7:59  Overlord  
  162  8:06  Roach x4  
  162  8:09  Overlord  
  170  8:13  Roach  
  170  8:14  Roach x2  
  170  8:15  Roach  
  170  8:16  Roach  
  170  8:18  Roach  
  182  8:20  Roach  
  182  8:22  Roach  
  182  8:23  Roach  
  188  8:30  Roach x2  
  188  8:31  Roach x2  
  188  8:32  Roach  
  198  8:35  Ravager x2  
  200  8:47  Zerg Ground Armor Level 2, Zerg Missile Weapons Level 2  
  200  8:57  Overlord x2  
  200  8:58  Overlord  
Show
View Real Time Build Order
Export as new Build Order

A.I. 1 (Very Easy) Terran 

Build Orders:  

Get SALT Encoding   

  12  0:00  SCV  
  13  0:13  SCV  
  14  0:20  Supply Depot  
  14  0:37  Refinery  
  14  0:47  Barracks  
  14  1:04  Supply Depot  
  14  1:13  Refinery  
  14  1:33  Barracks Tech Lab  
  14  1:36  Orbital Command  
  14  1:51  Marine  
  15  2:02  SCV  
  16  2:14  SCV  
  17  2:26  SCV  
  18  2:34  Marine  
  18  2:38  SCV  
  19  2:50  SCV  
  20  3:02  SCV  
  21  3:18  Marine  
  22  4:02  Marauder  
  24  5:08  SCV  
  24  6:32  Marine, SCV  
  25  6:33  Supply Depot  
  25  6:35  Factory  
  26  6:42  Command Center  
  26  6:44  SCV  
  27  6:56  SCV  
  27  6:57  Supply Depot  
  27  7:04  Marine  
  27  7:08  SCV  
  25  7:20  SCV  
  25  7:21  Starport  
  26  7:36  SCV  
  26  7:37  Marine  
  27  7:56  SCV  
  28  8:03  SCV  
  28  8:04  Starport Tech Lab, Refinery  
  29  8:08  Refinery  
  29  8:09  Marine  
  29  8:10  SCV  
  31  8:17  SCV  
  32  8:22  Raven  
  32  8:24  SCV  
  35  8:31  SCV  
  36  8:39  SCV  
  36  8:40  Hellion  
  36  8:53  SCV  
  33  8:57  Supply Depot  
  31  9:09  Hellion  
Tags
 
Add a new tag
Caveats
  • Supply blocks, unpowered buildings, or Contaminate may cause inaccurate times.
  • Supply counts are checked every 10 seconds.